 Dungeon Crawl Stone Soup version 0.25.1-2-g60ff931df9 (webtiles) character file.

Game seed: 3195618543364847342

14271 DearestLeader the Destroyer (level 11, -2/74 HPs)
             Began as a Black Draconian Conjurer on Oct 1, 2020.
             Was a Believer of Vehumet.
             Slain by a yak (15 damage)
             ... on level 2 of the Lair of Beasts.
             The game lasted 00:42:06 (13869 turns).

DearestLeader the Destroyer (DrCj)                 Turns: 13869, Time: 00:42:06

Health: -2/74      AC: 12    Str: 11    XL:     11   Next: 86%
Magic:  18/22      EV: 13    Int: 25    God:    Vehumet [**....]
Gold:   569        SH:  0    Dex: 11    Spells: 9/24 levels left

rFire    . . .     SeeInvis +   F - +2 whip (freeze)
rCold    . . .     Gourm    .   (no shield)
rNeg     . . .     Faith    .   (armour unavailable)
rPois    .         Spirit   .   (helmet restricted)
rElec    +         Reflect  .   J - +0 cloak
rCorr    .         Harm     .   C - +0 pair of gloves (curse)
MR       .....                  s - +2 pair of boots
Stlth    ++........             (no amulet)
HPRegen  0.22/turn              h - +6 ring of intelligence
MPRegen  0.18/turn              n - ring of see invisible

@: no status effects
A: breathe lightning, unfitting armour, electricity resistance, cold-blooded, AC
+7
a: Breathe Lightning, Renounce Religion


You were on level 2 of the Lair of Beasts.
You worshipped Vehumet.
Vehumet was pleased with you.
You were not hungry.

You visited 2 branches of the dungeon, and saw 11 of its levels.

You collected 569 gold pieces.

Inventory:

Hand Weapons
 a - a +0 dagger of venom
 t - a +2 dagger of draining
 F - a +2 whip of freezing (weapon)
Armour
 r - a +0 buckler
 s - a +2 pair of boots (worn)
 C - a cursed +0 pair of gloves (worn)
 J - a +0 cloak (worn)
Jewellery
 g - a +6 ring of dexterity
 h - a +6 ring of intelligence (left hand)
 n - a ring of see invisible (right hand)
 q - an uncursed ring of protection from magic
Wands
 p - a wand of flame (21)
 u - a wand of acid (7)
 A - a wand of disintegration (15)
 B - a wand of clouds (10)
Scrolls
 c - 2 scrolls of amnesia
 d - a scroll of teleportation
 f - 3 scrolls of enchant weapon
 i - 3 scrolls of fog
 j - 2 scrolls of immolation
 k - 2 scrolls of blinking
 l - 2 scrolls of magic mapping {unknown}
 o - 5 scrolls of remove curse
 v - a scroll of summoning {unknown}
 w - 2 scrolls of fear {unknown}
 x - a scroll of random uselessness {unknown}
 y - 2 scrolls of enchant armour {unknown}
 E - a scroll of identify
 I - a scroll of noise {unknown}
Potions
 e - a potion of curing
 m - a potion of resistance
 z - a potion of brilliance
 D - a potion of stabbing
 G - a potion of mutation {unknown}
 H - a potion of lignification {unknown}
 L - a potion of magic {unknown}
 M - a potion of flight {unknown}
Comestibles
 b - 18 rations


   Skills:
 - Level 0.1 Fighting
 - Level 1.0 Short Blades
 + Level 3.6 Dodging
 - Level 1.7 Stealth
 + Level 7.3 Spellcasting
 * Level 14.6 Conjurations
 - Level 5.0 Hexes
 + Level 7.1 Fire Magic


You had 9 spell levels left.
You knew the following spells:

 Your Spells              Type           Power        Failure   Level  Hunger
a - Magic Dart            Conj           ####         0%          1    None
b - Searing Ray           Conj           ######       1%          2    None
c - Fulminant Prism       Conj/Hex       ######....   1%          4    ###....
d - Dazzling Flash        Conj/Hex       ######       1%          3    None
e - Fireball              Conj/Fire      ######....   1%          5    #####..

Your spell library contained the following spells:

 Spells                   Type           Power        Failure   Level  Hunger
 Sandblast                Erth           #.....       6%          1    None
 Foxfire                  Conj/Fire      ####         1%          1    None
 Conjure Flame            Conj/Fire      ######..     1%          3    None
 Inner Flame              Hex/Fire       #####...     1%          3    None
 Stone Arrow              Conj/Erth      #####.       1%          3    None
 Sticky Flame             Conj/Fire      ######..     1%          4    ###....
 Confusing Touch          Hex            ####....     2%          3    None
 Iskenderun's Mystic Bla  Conj/Tloc      #####...     3%          4    ###....
 Summon Small Mammal      Summ           #...         6%          1    None
 Summon Guardian Golem    Hex/Summ       ###.....     7%          3    None
 Call Imp                 Summ           #.......     10%         2    None
 Passwall                 Tmut/Erth      #.......     10%         2    None
 Call Canine Familiar     Summ           #.......     19%         3    None
 Gell's Gravitas          Tloc           #.........   19%         3    None
 Petrify                  Tmut/Erth      #.......     54%         4    ###....
 Summon Ice Beast         Ice/Summ       #.......     54%         4    ###....
 Summon Lightning Spire   Summ/Air       #.......     54%         4    ###....
 Metabolic Englaciation   Hex/Ice        ###.......   54%         5    #####..
 Yara's Violent Unravell  Hex/Tmut       ###.......   54%         5    #####..
 Lee's Rapid Deconstruct  Erth           #.........   87%         5    #####..


Dungeon Overview and Level Annotations

Branches:
Dungeon (8/15)             Temple (0/1) D:7            Lair (3/6) D:8
 Shoals (0/4) Lair:2
  Snake: Lair:2-4    Spider: Lair:2-4

Altars:
Kikubaaqudgha
Ru
Vehumet
Xom

Annotations:
D:8 1 runed translucent door, execc's ghost, novice OpBe
Lair:2 exclusion: 2 oklob plants


Innate Abilities, Weirdness & Mutations

You can breathe wild blasts of lightning.
Your glossy black scales are hard. (AC +7)
You cannot fit into any form of body armour.
You are resistant to electric shocks. (rElec)
You are cold-blooded and may be slowed by cold attacks.


Message History

(Press . to maintain the ray.)
The yak gores you but does no damage. The blink frog hits you!
* * * LOW HITPOINT WARNING * * *
The blink frog blinks!
The searing ray hits the yak!
The yak is heavily wounded.
The yak gores you.
* * * LOW HITPOINT WARNING * * *
The searing ray hits the yak!
The yak is severely wounded.
The yak barely misses you.
The searing ray hits the yak!
The yak is almost dead.
You finish channeling your searing ray.
The yak closely misses you. The blink frog hits you.
* * * LOW HITPOINT WARNING * * *
The blink frog misses you. The yak completely misses you.
The blink frog closely misses you.
You feel better. The yak gores you!
You die...

..# ##....# #....#
.### #..(P# ##...#
..P###...## #...#
..###.P..# #...##
....#....# #....#
.>.......# #...##
...#...P### ##..>##
..#......P###...Y.#
#.......(.##.#.F@.#
#....#.....#.....##
....#.###...#....#
...#### #......###
..## ##....## ...#
##....## ####
##.....## .#
###....##.# ##
#P....#####


You could see a yak and a blink frog.

Vanquished Creatures
  3 hydras
  Nergalle (Lair:1)
  Pikel (D:7)
  A manticore (Lair:2)
  2 elephants
  5 spiny frogs
  2 komodo dragons (Lair:1)
  A polar bear (Lair:2)
  2 blink frogs (Lair:3)
  4 hippogriffs
  A yak (Lair:3)
  A wyvern (Lair:2)
  A basilisk (Lair:3)
  Edmund (D:4)
  3 water moccasins
  Duvessa (D:7)
  2 orc warriors
  13 porcupines
  2 black bears
  2 ice beasts
  A phantom (D:6)
  A necrophage (D:5)
  7 ogres
  5 wolves (Lair:2)
  2 centaurs
  6 crocodiles
  A big kobold (D:8)
  9 bullfrogs
  4 scorpions
  Dowan (D:7)
  3 wights (D:6)
  6 crimson imps
  A bullfrog zombie (D:5)
  4 jellies
  4 hounds
  7 orc priests
  Jessica (D:2)
  A gnoll shaman (D:8)
  Natasha (thrice) (D:3)
  An iguana (D:7)
  10 orc wizards
  A worker ant (D:5)
  Robin (D:2)
  2 worker ant zombies
  7 gnolls
  8 adders
  A shadow imp (D:8)
  An ooze (D:7)
  An adder skeleton (D:4)
  3 dart slugs (D:1)
  A worm (D:2)
  4 leopard geckos
  23 orcs
  2 ball pythons (D:1)
  10 bats
  4 giant cockroaches
  14 goblins
  12 hobgoblins
  21 jackals
  10 quokkas
  A ball python zombie (D:6)
  8 frilled lizards
  A jackal zombie (D:6)
  18 kobolds
  13 rats
294 creatures vanquished.

Vanquished Creatures (others)
  An ogre (D:5)
  2 scorpions (D:5)
  A howler monkey (D:5)
  An orc wizard (D:5)
  A giant cockroach (D:5)
  5 fulminant prisms
  7 fungi
18 creatures vanquished.

Grand Total: 312 creatures vanquished

Notes
Turn   | Place    | Note
-------+----------+-------------------------------------------
     0 | D:1      | DearestLeader the Draconian Conjurer began the quest for
                  | the Orb.
     0 | D:1      | Reached XP level 1. HP: 14/14 MP: 3/3
   270 | D:1      | Reached XP level 2. HP: 20/20 MP: 5/5
   391 | D:1      | Learned a level 2 spell: Searing Ray
   736 | D:1      | Reached XP level 3. HP: 22/26 MP: 6/6
   739 | D:1      | Reached skill level 5 in Conjurations
  1449 | D:2      | Reached skill level 1 in Short Blades
  1449 | D:2      | Reached XP level 4. HP: 30/33 MP: 3/7
  1778 | D:2      | Noticed Robin
  1804 | D:2      | Killed Robin
  1985 | D:2      | Noticed Jessica
  1988 | D:2      | Killed Jessica
  1988 | D:2      | Reached skill level 6 in Conjurations
  2516 | D:2      | Reached XP level 5. HP: 38/38 MP: 8/8
  3112 | D:3      | Reached skill level 7 in Conjurations
  3117 | D:3      | Reached XP level 6. HP: 18/45 MP: 0/9
  3306 | D:3      | Noticed Natasha
  3316 | D:3      | Killed Natasha
  3335 | D:3      | Noticed Natasha
  3347 | D:3      | Killed Natasha
  3744 | D:2      | Found an ancient bone altar of Kikubaaqudgha.
  3944 | D:3      | Noticed Natasha
  3948 | D:3      | Killed Natasha
  4012 | D:4      | Noticed Edmund
  4026 | D:4      | Killed Edmund
  4026 | D:4      | Reached skill level 8 in Conjurations
  4026 | D:4      | Your scales start taking on a glossy black colour.
  4026 | D:4      | Reached XP level 7. HP: 50/50 MP: 0/10
  4026 | D:4      | Gained mutation: You are resistant to electric shocks.
                  | (rElec) [Black Draconian growth]
  4342 | D:4      | Found a sacrificial altar of Ru.
  4815 | D:5      | Entered Level 5 of the Dungeon
  4837 | D:5      | Reached skill level 9 in Conjurations
  4855 | D:5      | Learned a level 4 spell: Fulminant Prism
  4859 | D:5      | Learned a level 3 spell: Dazzling Flash
  5187 | D:5      | Found a shimmering altar of Xom.
  5579 | D:5      | Reached XP level 8. HP: 55/57 MP: 8/12
  5682 | D:5      | Reached skill level 10 in Conjurations
  5973 | D:5      | Learned a level 5 spell: Fireball
  6494 | D:5      | Reached skill level 1 in Hexes
  6633 | D:6      | Reached skill level 11 in Conjurations
  6892 | D:6      | Reached XP level 9. HP: 62/62 MP: 10/15
  7337 | D:6      | Reached skill level 5 in Spellcasting
  7911 | D:7      | Reached skill level 1 in Fire Magic
  8097 | D:7      | Noticed Duvessa
  8098 | D:7      | Noticed Dowan
  8103 | D:7      | Killed Dowan
  8105 | D:7      | Killed Duvessa
  8282 | D:7      | Noticed Pikel
  8290 | D:7      | Killed Pikel
  8290 | D:7      | Reached skill level 12 in Conjurations
  8471 | D:7      | Found a staircase to the Ecumenical Temple.
  8471 | D:7      | Found a radiant altar of Vehumet.
  8481 | D:7      | Became a worshipper of Vehumet
  8716 | D:8      | Reached XP level 10. HP: 69/69 MP: 10/17
  8987 | D:8      | Noticed an elephant
  9010 | D:8      | Killed an elephant
  9134 | D:8      | Found a staircase to the Lair.
  9176 | D:8      | Reached * piety under Vehumet
  9176 | D:8      | Offered knowledge of Sandblast by Vehumet.
  9486 | D:8      | Found a runed translucent door.
  9486 | D:8      | Found a shimmering altar of Xom.
  9486 | D:8      | Noticed execc's ghost (novice OpBe)
  9486 | D:8      | Noticed a +2 mace of chaos
  9729 | Lair:1   | Entered Level 1 of the Lair of Beasts
  9895 | Lair:1   | Reached skill level 13 in Conjurations
 10051 | Lair:1   | Noticed a spiny frog
 10054 | Lair:1   | Killed a spiny frog
 10069 | Lair:1   | Reached skill level 5 in Fire Magic
 10146 | Lair:1   | Noticed Nergalle
 10164 | Lair:1   | Killed Nergalle
 10199 | Lair:1   | Noticed a spiny frog
 10205 | Lair:1   | Killed a spiny frog
 11093 | Lair:2   | Reached XP level 11. HP: 74/74 MP: 14/20
 11418 | Lair:2   | Found a staircase to the Shoals.
 11529 | Lair:2   | Reached skill level 14 in Conjurations
 11961 | Lair:2   | Noticed a seven-headed hydra
 11968 | Lair:2   | Killed a seven-headed hydra
 11968 | Lair:2   | Reached skill level 5 in Hexes
 12109 | Lair:2   | Noticed an oklob plant
 12110 | Lair:2   | Noticed an oklob plant
 12690 | Lair:3   | Noticed a four-headed hydra
 12693 | Lair:3   | HP: 1/74 [elephant (3)]
 13063 | Lair:3   | Killed a four-headed hydra
 13220 | Lair:3   | Noticed a four-headed hydra
 13231 | Lair:3   | Killed a four-headed hydra
 13376 | Lair:3   | Reached ** piety under Vehumet
 13869 | Lair:2   | Slain by a yak

Illustrated notes

Levels and vault maps discovered:
D:1:      ncdulo_smallfort, layout_basic
D:2:      layout_basic, nicolae_overflow_hidden_temple, uniq_robin, uniq_jessica
D:3:      layout_basic, corexii_hall_statues_s, uniq_natasha
D:4:      layout_basic, first_ration, nicolae_ru_sacrificial_ziggurat,
          uniq_edmund
D:5:      layout_loops_cross, xom_confusion_cloud, minmay_quadrilaterals
D:6:      layout_cave_pools
D:7:      layout_loops_ring, temple_statues, basic_altar, minmay_misc_feat_room,
          uniq_duvessa, uniq_pikel
D:8:      layout_rooms, david_lair_generic, ebering_ghost_xom
Lair:1:   layout_roguey, uniq_nergalle
Lair:2:   layout_concentric_octagons, minmay_shoals_entry_beasts,
          beast_lair_carwin_9, lemuel_fruit_fields, minmay_lair_oklob_chamber
Lair:3:   layout_long_grid, tgw_fedhas

Skill      XL: |  1  2  3  4  5  6  7  8  9 10 11 |
---------------+----------------------------------+-----
Conjurations   | 5 6 7 8 9 11 12 13 14 | 14.6
Short Blades   | 1 |  1.0
Spellcasting   | 3 4 5 6 7 |  7.3
Hexes          | 1 4 5 |  5.0
Fire Magic     | 3 5 7 |  7.1
Dodging        | 3 |  3.6
Fighting       | |  0.1
Stealth        | |  1.7

Action                   |  1- 3 |  4- 6 |  7- 9 | 10-12 || total
-------------------------+-------+-------+-------+-------++-------
Melee: Dagger            |   131 |   119 |   205 |       ||   455
       Tailslap          |     8 |    15 |    17 |     1 ||    41
       Whip              |       |       |    17 |    41 ||    58
 Cast: Magic Dart        |     4 |    10 |    37 |    33 ||    84
       Searing Ray       |     1 |    14 |    50 |    80 ||   145
       Fulminant Prism   |       |       |     2 |     3 ||     5
       Dazzling Flash    |       |       |     1 |       ||     1
       Fireball          |       |       |       |     7 ||     7
  Use: Scroll            |     3 |       |     7 |     7 ||    17
       Potion            |       |       |     3 |     2 ||     5
 Stab: Sleeping          |     4 |     3 |     2 |     1 ||    10
  Eat: Chunk             |     2 |     9 |    13 |    11 ||    35
       Ration            |       |       |     1 |     2 ||     3
Armor: Skin              |    62 |    28 |   103 |   103 ||   296
Dodge: Dodged            |   122 |    87 |   208 |   140 ||   557
